AoeStats
← Zumoshi

Arabia

507654732Analyzed
1v1 RM · 14d ago on Sep 19, 2026· 51m 2s· 2 players
Game mode
Random Map
Map size
Tiny (2 player)
Population
200
Speed
Normal
Resources
Standard
Victory
Conquest
Starting age
Dark Age
Ending age
Imperial Age
RankedLock teamsTeams togetherTeam positionsShared explorationLock speedFull tech treeHidden civsTurbo modeCheats
Victory
Defeat
🇮🇱 Khitans · Israel
1148
+17
🇺🇸 Wei · United States
1166
-17
Zumoshi
6:58 Loom
9:35 Feudal Age
10:05 Double-Bit Axe
10:35 Man-at-Arms
12:17 Forging
16:47 Fletching
18:43 Domestication
21:24 Castle Age
20:26 Padded Archer Armor
21:34 Elite Skirmisher
22:56 Scale Mail Armor
27:11 Wheelbarrow
27:32 Bodkin Arrow
27:55 Chain Mail Armor
27:54 Pastoralism
28:15 Bow Saw
28:04 Gold Mining
32:02 Thumb Ring
34:09 Ballistics
40:55 Imperial Age
39:58 Iron Casting
41:30 Hand Cart
41:20 Squires
42:27 Conscription
42:54 Bracer
43:24 Town Watch
44:13 Leather Archer Armor
44:29 Plate Mail Armor
45:35 Two-Man Saw
45:09 Transhumance
46:08 Lamellar Armor
46:53 Town Patrol
48:28 Ring Archer Armor
47:38 Elite Liao Dao
TamerCaribou922
6:27 Loom
9:09 Feudal Age
13:03 Town Watch
20:21 Fletching
26:48 Castle Age
25:00 Padded Archer Armor
27:24 Bodkin Arrow
26:50 Crossbowman
29:22 Light Cavalry
32:20 Ballistics
32:12 Horse Collar
40:47 Wheelbarrow
45:11 Imperial Age
43:56 Husbandry
44:06 Bloodlines
46:12 Bracer
47:17 Chemistry
46:33 Double-Bit Axe
48:35 Scale Barding Armor
49:19 Thumb Ring
Connection lost

Rejoining the realm…

Still unreachable

The connection could not be restored.

Session expired

The server has moved on; the page needs a fresh start.